[Event "Early-Titled-Tuesday-Blitz-February-06-2024"]
[Site "Chess.com"]
[Date "2024.02.06"]
[Round "7"]
[White "kekic76"]
[Black "JiiHart"]
[Result "1-0"]
[WhiteElo "2364"]
[BlackElo "2150"]
[TimeControl "180+1"]
[EndTime "9:16:34 PST"]
[Termination "kekic76 won by resignation"]

1. e4 c5 2. Nf3 Nc6 3. d4 cxd4 4. Nxd4 Nf6 5. Nxc6 bxc6 6. Bd3 e5 7. O-O Be7 8. Nc3 O-O 9. b3 Bb7 10. Bb2 d5 11.
Qe2 Bd6 12. Rfe1 Re8 13. Ba6 Bxa6 14. Qxa6 Qb6 15. Qe2 d4 16. Na4 Qc7 17. Bc1 h6 18. Bd2 c5 19. Nb2 Bf8 20. Nc4 g6 21. Qf3 Bg7 22. Bxh6 Bxh6 23. Qxf6 Bg7 24. Qd6 Qxd6 25. Nxd6 Red8 26. Nc4 d3 27. cxd3 Rxd3 28. Red1 Rad8 29. Rxd3 Rxd3 30. Kf1 f5 31. exf5 gxf5 32. Ke2 e4 33. Rd1 Rd4 34. Nd6 f4 35. Rxd4 Bxd4 36.
Nxe4 Kf7 37. Kd3 Ke6 38. b4 Kd5 39. bxc5 Bxc5 40. Nxc5 Kxc5 41. h4 a5 42. h5 a4 43.
h6 1-0

[Event "Early-Titled-Tuesday-Blitz-February-06-2024"]
[Site "Chess.com"]
[Date "2024.02.06"]
[Round "7"]
[White "GMT4114"]
[Black "Szachulec75"]
[Result "0-1"]
[WhiteElo "1969"]
[BlackElo "2213"]
[TimeControl "180+1"]
[EndTime "9:16:35 PST"]
[Termination "Szachulec75 won on time"]

1. e4 d6 2. d4 Nf6 3. Nc3 c6 4.
Bc4 e6 5. f4 d5 6. Bd3 dxe4 7.
Nxe4 Be7 8. Nf3 O-O 9. c3 Nbd7 10. Ne5 c5 11. Be3 b6 12. Qe2 Bb7 13. Ng5 h6 14.
h4 Nxe5 15. fxe5 Nd5 16. Bd2 hxg5 17. hxg5 g6 18. O-O-O Kg7 19. Qg4 cxd4 20. cxd4 Rh8 21. Kb1 Nb4 22. Bxb4 Bxb4 23. Rh6 Rxh6 24. gxh6+ Kh7 25.
Rf1 Qe7 26. Qf4 Rf8 27. g4 Qh4 28. a3 Be7 0-1

[Event "Early-Titled-Tuesday-Blitz-February-06-2024"]
[Site "Chess.com"]
[Date "2024.02.06"]
[Round "7"]
[White "xamax2000"]
[Black "ViIIagra"]
[Result "0-1"]
[WhiteElo "2856"]
[BlackElo "2970"]
[TimeControl "180+1"]
[EndTime "9:16:36 PST"]
[Termination "ViIIagra won by resignation"]

1. Nf3 d6 2. d4 Nf6 3. c4 Nbd7 4. Nc3 e5 5. e4 Be7 6. Be2 O-O 7.
O-O Re8 8. Be3 Bf8 9. d5 c6 10. Nd2 a6 11. b4 cxd5 12. cxd5 Nb6 13. a4 Bd7 14. a5 Nc8 15. Rc1 b5 16. axb6 Nxb6 17.
Ra1 Qc7 18. Qb3 Qb7 19. h3 Rec8 20. Ra3 Ne8 21. Rfa1 Nc7 22. Ra5 Be7 23. R1a3 h6 24.
Nf3 f5 25. exf5 Bxf5 26. Qa2 Kh7 27. b5 axb5 28. Bxb6 Qxb6 29. Rxa8 Nxa8 30. Nxb5 Rc1+ 31. Kh2 Qxf2 32. Rxa8 Bh4 33. Nxh4 Qf4+ 0-1

[Event "Early-Titled-Tuesday-Blitz-February-06-2024"]
[Site "Chess.com"]
[Date "2024.02.06"]
[Round "7"]
[White "manitodeplomo"]
[Black "FairChess_on_YouTube"]
[Result "0-1"]
[WhiteElo "2603"]
[BlackElo "3064"]
[TimeControl "180+1"]
[EndTime "9:16:37 PST"]
[Termination "FairChess_on_YouTube won on time"]

1. d4 Nf6 2. c4 e6 3. Nf3 b6 4. g3 Bb7 5. Bg2 g6 6. Nc3 Bg7 7. Qc2 c5 8. e4 Nc6 9. d5 exd5 10. cxd5 Nb4 11. Qa4 Nd3+ 12. Kd2 Nxf2 13. Re1 O-O 14. Kc2 d6 15. h3 a6 16. Be3 b5 17. Qa3 N2xe4 18.
Nxe4 Nxe4 19. Rad1 Re8 20. g4 b4 21. Qd3 Qf6 22. Bc1 Nf2 23. Qc4 Nxd1 24. Rxd1 a5 0-1

[Event "Early-Titled-Tuesday-Blitz-February-06-2024"]
[Site "Chess.com"]
[Date "2024.02.06"]
[Round "7"]
[White "azikom"]
[Black "Casper"]
[Result "1-0"]
[WhiteElo "2705"]
[BlackElo "2528"]
[TimeControl "180+1"]
[EndTime "9:16:39 PST"]
[Termination "azikom won by resignation"]

1. d4 Nf6 2. c4 c5 3. d5 g6 4. Nc3 Bg7 5. e4 O-O 6. Bg5 d6 7. Qd2 e6 8. f3 exd5 9. cxd5 a6 10. a4 Nbd7 11. Nh3 Ne5 12. Nf2 Bd7 13. a5 b5 14.
axb6 Qxb6 15. Be2 Rfb8 16. Ra2 Bb5 17. O-O Bc4 18. Bxc4 Nxc4 19. Qe2 Qb3 20. Nfd1 Nd7 21. h3 Bd4+ 22. Kh1 f6 23. Bc1 a5 24. f4 a4 25. Rf3 a3 26. bxa3 Nxa3 27. Rb2 Qc4 28. Rxb8+ Rxb8 29. Bxa3 Qxe2 30. Nxe2 Rb1 31. Rd3 1-0

[Event "Early-Titled-Tuesday-Blitz-February-06-2024"]
[Site "Chess.com"]
[Date "2024.02.06"]
[Round "7"]
[White "esrosenberg"]
[Black "xakevicius91"]
[Result "0-1"]
[WhiteElo "2434"]
[BlackElo "2608"]
[TimeControl "180+1"]
[EndTime "9:16:39 PST"]
[Termination "xakevicius91 won by resignation"]

1. c4 Nf6 2. Nf3 c5 3. Nc3 e6 4. g3 b6 5. Bg2 Bb7 6. O-O Be7 7. d4 cxd4 8. Qxd4 d6 9. Bg5 a6 10. Bxf6 Bxf6 11. Qf4 O-O 12. Rfd1 Be7 13. Ne4 Bxe4 14. Qxe4 Ra7 15. Nd4 Qc8 16. Rac1 Rc7 17. b3 Rc5 18. Qb1 Rd8 19. e4 Bf8 20. f4 Rc7 21. Bf1 Nc6 22. Nxc6 Rxc6 23. a4 Rc7 24. b4 a5 25. bxa5 bxa5 26. Bd3 h5 27. Kg2 Rc5 28. Rc2 h4 29. Rcd2 Qc6 30. Kh3 Be7 31. e5 d5 32. cxd5 exd5 33.
Bh7+ Kh8 34. Bf5 Qxa4 35. Qb7 Qe8 36. e6 fxe6 37. Bxe6 Bf6 38. Rxd5 Rcxd5 39. Bxd5 hxg3 40. hxg3 Qh5+ 0-1

[Event "Early-Titled-Tuesday-Blitz-February-06-2024"]
[Site "Chess.com"]
[Date "2024.02.06"]
[Round "7"]
[White "atalz0"]
[Black "Boundless_Strike"]
[Result "0-1"]
[WhiteElo "2474"]
[BlackElo "2660"]
[TimeControl "180+1"]
[EndTime "9:16:40 PST"]
[Termination "Boundless_Strike won by resignation"]

1. d4 e6 2. c4 e5 3. dxe5 d6 4.
Bf4 Nc6 5. Nf3 Bg4 6. exd6 Qf6 7.
Qd2 Bxd6 8. Bg5 Qe6 9. e3 f6 10. Bh4 O-O-O 11. Qc2 Bxf3 12. gxf3 Nd4 13. Qd1 Nf5 14. Qa4 Nxh4 15. Qxa7 Bb4+ 16. Nc3 Nxf3+ 17. Ke2 Rd2+ 18. Kxf3 Qf5+ 19. Kg3 Qxf2+ 20. Kh3 Qf3+ 0-1

[Event "Early-Titled-Tuesday-Blitz-February-06-2024"]
[Site "Chess.com"]
[Date "2024.02.06"]
[Round "7"]
[White "marsofsilva"]
[Black "Laico"]
[Result "0-1"]
[WhiteElo "2051"]
[BlackElo "2374"]
[TimeControl "180+1"]
[EndTime "9:16:40 PST"]
[Termination "Laico won on time"]

1. d4 e6 2. c4 f5 3. Nc3 b6 4. e4 fxe4 5. Nxe4 Nf6 6. Bg5 Bb4+ 7. Nd2 O-O 8. Bd3 Bb7 9. Nf3 Qe8 10. O-O Qh5 11. Bxf6 Rxf6 12. a3 Bd6 13. Ne4 Rxf3 14. Nxd6 cxd6 15. Be2 Nc6 16. Bxf3 Qg5 17. d5 Ne5 18.
Re1 Rf8 19. Re3 Nxc4 20. Rc3 Ne5 21. Qe2 exd5 22. Rd1 d4 23. Rb3 Bxf3 24. Rxf3 Nxf3+ 25. Kh1 Nh4 26. g3 Nf5 27. Kg1 h5 0-1

[Event "Early-Titled-Tuesday-Blitz-February-06-2024"]
[Site "Chess.com"]
[Date "2024.02.06"]
[Round "7"]
[White "ukchessbomber"]
[Black "Flaccidmoves"]
[Result "1-0"]
[WhiteElo "2658"]
[BlackElo "2450"]
[TimeControl "180+1"]
[EndTime "9:16:42 PST"]
[Termination "ukchessbomber won by resignation"]

1. b4 e5 2. Bb2 Bxb4 3. Bxe5 Nf6 4. e3 O-O 5. c4 Nc6 6. Bb2 d5 7. Nf3 Bg4 8. cxd5 Nxd5 9. Be2 Qd6 10. O-O Rad8 11.
a3 Ba5 12. d4 Rfe8 13. Nbd2 Qh6 14. Nc4 Nc3 15. Bxc3 Bxc3 16. Rc1 Bxf3 17. Bxf3 Bxd4 18. exd4 Nxd4 19. Ne3 c6 20. Rc4 Qf4 21. Qa1 Nxf3+ 22. gxf3 Qxf3 23. Rg4 g6 24. Rg3 Qe4 25. Ng4 Re6 26.
Nf6+ Rxf6 27. Qxf6 Re8 28. Re3 Re6 29. Qd8+ 1-0

[Event "Early-Titled-Tuesday-Blitz-February-06-2024"]
[Site "Chess.com"]
[Date "2024.02.06"]
[Round "7"]
[White "vasblesk"]
[Black "Caroexpert"]
[Result "0-1"]
[WhiteElo "2723"]
[BlackElo "2580"]
[TimeControl "180+1"]
[EndTime "9:16:45 PST"]
[Termination "Caroexpert won on time"]

1. d4 d5 2. c4 e6 3. Nf3 a6 4. c5 b6 5. cxb6 c5 6. Nc3 cxd4 7. Qxd4 Nc6 8. Qa4 Bd7 9. Be3 Nf6 10. b7 Rb8 11. O-O-O Rxb7 12. Qxa6 Qb8 13. Rd2 Bb4 14. Bf4 e5 15. Nxe5 Bxc3 0-1

[Event "Early-Titled-Tuesday-Blitz-February-06-2024"]
[Site "Chess.com"]
[Date "2024.02.06"]
[Round "7"]
[White "kecalk"]
[Black "AlexPapasimakopoulos"]
[Result "1-0"]
[WhiteElo "2517"]
[BlackElo "2731"]
[TimeControl "180+1"]
[EndTime "9:16:46 PST"]
[Termination "kecalk won by checkmate"]

1. e4 e6 2. d4 d5 3. exd5 exd5 4.
Nf3 Bg4 5. h3 Bh5 6. g4 Bg6 7. Ne5 Bd6 8. Nxg6 hxg6 9. Nc3 c6 10.
Be3 Nf6 11. Qf3 Bb4 12. Bd3 Nbd7 13. a3 Bxc3+ 14. bxc3 Qe7 15. Kf1 Ne4 16. c4 Ng5 17. Bxg5 Qxg5 18. Re1+ Kf8 19. cxd5 cxd5 20. Kg2 Nf6 21.
Re5 Qd2 22. Rb1 b6 23. Rd1 Qc3 24. g5 Nh5 25. Rxd5 Qc7 26. Re5 Rd8 27. Bxg6 Kg8 28.
Bxh5 g6 29. Bg4 Rxd4 30. Re8+ Kg7 31. Qf6+ Kh7 32. Rxh8# 1-0

[Event "Early-Titled-Tuesday-Blitz-February-06-2024"]
[Site "Chess.com"]
[Date "2024.02.06"]
[Round "7"]
[White "Rawnsdale"]
[Black "Nuvas"]
[Result "0-1"]
[WhiteElo "2506"]
[BlackElo "2775"]
[TimeControl "180+1"]
[EndTime "9:16:47 PST"]
[Termination "Nuvas won by resignation"]

1. e4 e5 2. Nf3 Nc6 3. Bb5 a6 4. Ba4 Nf6 5. O-O Bc5 6. c3 b5 7.
Bc2 d5 8. exd5 Qxd5 9. Re1 O-O 10. d3 Bg4 11. h3 Bxf3 12. Qxf3 Qxf3 13. gxf3 Rfe8 14. Nd2 Nd5 15. Ne4 Bb6 16. a4 b4 17.
c4 Nd4 18. Bd1 Ne7 19. a5 Ba7 20. Be3 Nef5 21. c5 Red8 22. Ra4 Rab8 23. f4 Nxe3 24.
fxe3 Ne6 25. f5 Nxc5 26. Nxc5 Bxc5 27. Bc2 b3 28. Bb1 Bb4 29. Rd1 c5 30. Kf2 Rb5 31. d4 exd4 32. exd4 c4 33. Be4 Bxa5 34. Rda1 Bb6 35.
Rxc4 Bxd4+ 36. Kf3 Bxb2 37. Rxa6 Bf6 38. Rac6 b2 39. Bb1 Rb3+ 40. Ke2 h5 41. Rc8 Rxc8 42. Rxc8+ Kh7 43. Kd1 Rxh3 44. Kc2 Rh1 45. Ba2 Rc1+ 0-1

[Event "Early-Titled-Tuesday-Blitz-February-06-2024"]
[Site "Chess.com"]
[Date "2024.02.06"]
[Round "7"]
[White "Jojo_898"]
[Black "Vazabanga"]
[Result "0-1"]
[WhiteElo "2451"]
[BlackElo "2635"]
[TimeControl "180+1"]
[EndTime "9:16:47 PST"]
[Termination "Vazabanga won on time"]

1. e4 c5 2. Nf3 d6 3. c3 Bg4 4. Be2 Nf6 5. d3 g6 6. O-O Bg7 7. h3 Bxf3 8. Bxf3 Nc6 9. Be3 O-O 10. Nd2 Rb8 11. a4 a6 12. d4 cxd4 13. cxd4 Nb4 14.
Qb3 a5 15. Nc4 d5 16. exd5 Nfxd5 17. Bg5 Re8 18. Rad1 b6 19. Rfe1 Rc8 20. Na3 Qd7 21. Nb5 e6 22. Bh4 Rc6 23. Rc1 Rec8 24. Rxc6 Qxc6 25.
Nc3 Bxd4 0-1

[Event "Early-Titled-Tuesday-Blitz-February-06-2024"]
[Site "Chess.com"]
[Date "2024.02.06"]
[Round "7"]
[White "Sajith_Peiris"]
[Black "GrumbleBruno"]
[Result "0-1"]
[WhiteElo "2263"]
[BlackElo "2464"]
[TimeControl "180+1"]
[EndTime "9:16:47 PST"]
[Termination "GrumbleBruno won by resignation"]

1. e4 e5 2. Nf3 d5 3. exd5 e4 4. Nd4 Qxd5 5. Ne2 Nc6 6. Nbc3 Qe5 7. g3 Bg4 8. Bg2 Nd4 9. O-O O-O-O 10. h3 Bf3 11. a4 h5 12. Rb1 Nf6 13. b4 h4 14.
Bb2 hxg3 15. fxg3 Qh5 16. Rf2 Bd6 17. Bxf3 Nxf3+ 18. Rxf3 exf3 19. Nf4 Bxf4 20. gxf4 Qxh3 0-1

[Event "Early-Titled-Tuesday-Blitz-February-06-2024"]
[Site "Chess.com"]
[Date "2024.02.06"]
[Round "7"]
[White "BeardedNM"]
[Black "annamaja"]
[Result "0-1"]
[WhiteElo "2216"]
[BlackElo "2387"]
[TimeControl "180+1"]
[EndTime "9:16:48 PST"]
[Termination "annamaja won on time"]

1. e4 e6 2. d4 d5 3. e5 c5 4. c3 Bd7 5. Nf3 Qb6 6. Bd3 Bb5 7. dxc5 Bxc5 8. b4 Bxd3 9. Qxd3 Bf8 10. O-O Nd7 11.
Be3 Qc7 12. Bd4 Ne7 13. Na3 a6 14. Nc2 Nc6 15. Rfe1 Be7 16. a4 O-O 17. b5 axb5 18. axb5 Na5 19. h4 h6 20. Ne3 Nc5 21. Qe2 Nab3 22. Rxa8 Rxa8 23. h5 Ne4 24. Nd2 Ra2 0-1

[Event "Early-Titled-Tuesday-Blitz-February-06-2024"]
[Site "Chess.com"]
[Date "2024.02.06"]
[Round "7"]
[White "flomarechot"]
[Black "elchacal664"]
[Result "1-0"]
[WhiteElo "2311"]
[BlackElo "2440"]
[TimeControl "180+1"]
[EndTime "9:16:48 PST"]
[Termination "flomarechot won by resignation"]

1. Nf3 Nf6 2. b3 g6 3. Bb2 Bg7 4. e3 O-O 5. d4 d5 6. Be2 c6 7.
O-O a5 8. c4 a4 9. bxa4 Nbd7 10. Nc3 Ne4 11. cxd5 Nxc3 12. Bxc3 cxd5 13. h3 Nf6 14. Bd3 Ne4 15. Bxe4 dxe4 16. Nd2 Qd5 17. Rb1 Qxa2 18. a5 Qd5 19. Qb3 Qxb3 20. Rxb3 f5 21. Rb6 Rf6 22. Rfb1 Rxb6 23. Rxb6 e6 24. Nc4 Bf8 25. Nd6 Bxd6 26. Rxd6 Kf7 27. Rd8 b6 28. axb6 Bb7 29. Rd7+ Kg8 30. Rxb7 Rc8 31. Rc7 1-0

[Event "Early-Titled-Tuesday-Blitz-February-06-2024"]
[Site "Chess.com"]
[Date "2024.02.06"]
[Round "7"]
[White "Alen_Yeremyann"]
[Black "betta2004"]
[Result "1-0"]
[WhiteElo "2731"]
[BlackElo "2539"]
[TimeControl "180+1"]
[EndTime "9:16:49 PST"]
[Termination "Alen_Yeremyann won on time"]

1. Nf3 g6 2. g3 Bg7 3. d4 c6 4. Bg2 d5 5. O-O Nf6 6. c4 O-O 7. cxd5 cxd5 8. Ne5 Ng4 9. Nc3 Nxe5 10. dxe5 d4 11. Nd5 Bxe5 12. Bh6 Re8 13. e3 Nc6 14. exd4 Bxd4 15. b4 e6 16. b5 exd5 17. bxc6 Bxa1 18.
Qxa1 f6 19. c7 Qd6 20. Bf4 Qe6 21. Qd4 Kg7 22. Bxd5 Qa6 23. Bc4 Qc6 24. Bd5 Qa6 25. h4 Bh3 26. Rb1 Bf5 27. Rxb7 Re1+ 28. Kh2 Rc8 29.
h5 g5 30. Bxg5 Re5 31. h6+ Kg6 32. Bf4 Qf1 33. Bg2 1-0

[Event "Early-Titled-Tuesday-Blitz-February-06-2024"]
[Site "Chess.com"]
[Date "2024.02.06"]
[Round "7"]
[White "Martial2008"]
[Black "Kotlyar_K"]
[Result "0-1"]
[WhiteElo "2672"]
[BlackElo "2502"]
[TimeControl "180+1"]
[EndTime "9:16:49 PST"]
[Termination "Kotlyar_K won by resignation"]

1. d4 Nf6 2. Nf3 c5 3. d5 e6 4.
Nc3 b5 5. dxe6 fxe6 6. Nxb5 d5 7.
e3 a6 8. Nc3 Bd6 9. b3 O-O 10.
Bb2 Nc6 11. Be2 Ne7 12. O-O Qc7 13. Na4 e5 14. Nd2 e4 15. f4 exf3 16. Nxf3 Ng4 17. Qd2 Bxh2+ 18. Kh1 Bg3 19. Qc3 Nf5 20. Qxc5 Qxc5 21.
Nxc5 Nfxe3 22. Bd4 Nxc2 23. Rac1 Nce3 24. Ng5 Nxf1 25. Bxf1 Bf4 26. Rc3 Bxg5 27. Rg3 Bf6 0-1

[Event "Early-Titled-Tuesday-Blitz-February-06-2024"]
[Site "Chess.com"]
[Date "2024.02.06"]
[Round "7"]
[White "Zheenbekov86"]
[Black "carloseduar100"]
[Result "0-1"]
[WhiteElo "2421"]
[BlackElo "2321"]
[TimeControl "180+1"]
[EndTime "9:16:49 PST"]
[Termination "carloseduar100 won by checkmate"]

1. d4 d5 2. c4 e5 3. cxd5 Qxd5 4. Nf3 exd4 5. Nc3 Bb4 6. Qxd4 Qxd4 7. Nxd4 c6 8. e4 Nf6 9. f3 O-O 10. Bc4 Nbd7 11.
Nf5 Ne5 12. Be2 Bxf5 13. exf5 Rfe8 14. O-O Rad8 15. Bg5 Rd6 16. Rad1 Rxd1 17. Nxd1 Nd5 18. a3 Bc5+ 19. Kh1 f6 20. Bc1 b5 21. f4 Nf7 22.
Bf3 Nd6 23. g4 Kf7 24. Bd2 h5 25. h3 hxg4 26. hxg4 Ne4 27. Be1 Be3 28. g5 Rh8+ 29. Kg2 Nxf4# 0-1

[Event "Early-Titled-Tuesday-Blitz-February-06-2024"]
[Site "Chess.com"]
[Date "2024.02.06"]
[Round "7"]
[White "carokannlover213"]
[Black "Mesa_1"]
[Result "1-0"]
[WhiteElo "2768"]
[BlackElo "2557"]
[TimeControl "180+1"]
[EndTime "9:16:53 PST"]
[Termination "carokannlover213 won by checkmate"]

1. d4 Nf6 2. c4 g6 3. Nc3 Bg7 4.
e4 d6 5. Be2 O-O 6. Be3 c5 7.
d5 e6 8. Nf3 exd5 9. cxd5 b5 10. e5 dxe5 11. Bxc5 Re8 12. Bxb5 Nbd7 13. Ba3 e4 14.
Nd4 Ne5 15. O-O Bg4 16. Qd2 Nxd5 17. Bxe8 Nxc3 18. Bxf7+ Kxf7 19. Qxc3 Nd3 20. Qc4+ Kf6 21. Nc6 Qd7 22. Be7+ Kf5 23. h3 Be2 24. Rfe1 Nxe1 25. Qf7+ Bf6 26. g4+ Kg5 27. Qxf6+ Kh6 28. Ne5 Nf3+ 29.
Nxf3 Bxf3 30. Bd6 Bxg4 31. Bf4+ Kh5 32. Qg5# 1-0

[Event "Early-Titled-Tuesday-Blitz-February-06-2024"]
[Site "Chess.com"]
[Date "2024.02.06"]
[Round "7"]
[White "PawnEatingZombie"]
[Black "pfalcon1949"]
[Result "1-0"]
[WhiteElo "2205"]
[BlackElo "1949"]
[TimeControl "180+1"]
[EndTime "9:16:53 PST"]
[Termination "PawnEatingZombie won on time"]

1. e4 e6 2. d4 d5 3. exd5 exd5 4.
Bf4 Nf6 5. Nc3 Be7 6. Qd2 O-O 7. O-O-O c6 8. f3 b5 9. g4 a5 10. h4 a4 11. Nce2 b4 12. Nh3 b3 13. a3 bxc2 14.
Qxc2 Ne8 15. h5 h6 16. Rg1 Be6 17. g5 hxg5 18. Nxg5 Bxg5 19. Bxg5 Qd7 20. Nf4 Bf5 21.
Bd3 Bxd3 22. Qxd3 Na6 23. Rg3 c5 24. Rdg1 c4 25. Qc2 c3 26. Bh6 cxb2+ 27. Kb1 1-0

[Event "Early-Titled-Tuesday-Blitz-February-06-2024"]
[Site "Chess.com"]
[Date "2024.02.06"]
[Round "7"]
[White "mbojan"]
[Black "Sina_Movahed"]
[Result "0-1"]
[WhiteElo "2872"]
[BlackElo "3025"]
[TimeControl "180+1"]
[EndTime "9:16:54 PST"]
[Termination "Sina_Movahed won on time"]

1. e4 c5 2. Nf3 d6 3. d4 cxd4 4. Nxd4 Nf6 5. Nc3 g6 6. Be3 a6 7. f3 h5 8. Qd2 Nbd7 9. Be2 Bg7 10. O-O O-O 11. Rfd1 h4 12. Bf1 Ne5 13. Qf2 h3 14. g3 Qc7 15. a4 Be6 16. Nxe6 fxe6 17. Qe2 Kf7 18. Bxh3 Nc4 19. Bc1 Rac8 20. Bf1 Nxb2 21.
Bxb2 Qb6+ 22. Qf2 Qxb2 23. Ne2 Rxc2 24. Rab1 Qa3 25. Rxb7 Kg8 26. Bh3 Nxe4 27. Bxe6+ Kh7 28. Qg2 Qe3+ 29. Kh1 Nf2+ 30. Kg1 Nxd1+ 31. Kf1 Rxf3+ 0-1

[Event "Early-Titled-Tuesday-Blitz-February-06-2024"]
[Site "Chess.com"]
[Date "2024.02.06"]
[Round "7"]
[White "ChessSwole"]
[Black "chess_blitz00"]
[Result "1-0"]
[WhiteElo "2676"]
[BlackElo "2486"]
[TimeControl "180+1"]
[EndTime "9:16:55 PST"]
[Termination "ChessSwole won by checkmate"]

1. e4 d6 2. d4 Nf6 3. Nc3 e5 4. Nf3 Nbd7 5. Rg1 Be7 6. g4 h6 7. h4 exd4 8. Qxd4 Ne5 9. Nxe5 dxe5 10. Qxe5 Nxg4 11. Rxg4 Bxg4 12. Qxg7 Bf6 13. Qxg4 Bxh4 14. Be3 c6 15. Bd3 Bg5 16. Bxg5 Qxg5 17. Qxg5 hxg5 18. Ke2 Ke7 19. Rg1 f6 20. Nd1 b5 21. Ne3 Ke6 22.
c4 a6 23. Rc1 Rad8 24. Nf5 b4 25. c5 Ke5 26. Nd6 Rd7 27. Bxa6 Ra8 28. Bc4 Kf4 29. Bb3 Re7 30. Rc4 Rb8 31. e5+ Kxe5 32. Re4# 1-0

[Event "Early-Titled-Tuesday-Blitz-February-06-2024"]
[Site "Chess.com"]
[Date "2024.02.06"]
[Round "7"]
[White "javirec"]
[Black "Manukyan_Artak"]
[Result "1/2-1/2"]
[WhiteElo "2304"]
[BlackElo "2478"]
[TimeControl "180+1"]
[EndTime "9:16:55 PST"]
[Termination "Game drawn by repetition"]

1. e4 c6 2. d4 d5 3. f3 e6 4. Nc3 b5 5. a3 a5 6. Bd3 Nf6 7. e5 Nfd7 8. f4 g6 9. Nf3 Ba6 10. O-O b4 11. axb4 axb4 12. Ne2 Nb6 13. Be3 Be7 14.
b3 O-O 15. f5 exf5 16. Bh6 Re8 17. Nf4 Qc8 18. Qd2 Bxd3 19. Nxd3 Rxa1 20. Rxa1 c5 21. dxc5 Bxc5+ 22. Kh1 N8d7 23. Nxc5 Nxc5 24. Ra7 Ne4 25. Qxb4 Qxc2 26. Qxb6 Qd1+ 27. Ng1 d4 28. h3 Ng3+ 29. Kh2 Nf1+ 30. Kh1 Qc1 31. Qf6 Ng3+ 32. Kh2 Nf1+ 33. Kh1 Ng3+ 34. Kh2 Nf1+ 35. Kh1 1/2-1/2

[Event "Early-Titled-Tuesday-Blitz-February-06-2024"]
[Site "Chess.com"]
[Date "2024.02.06"]
[Round "7"]
[White "GMCorinnaKopff"]
[Black "M1711"]
[Result "0-1"]
[WhiteElo "2376"]
[BlackElo "2654"]
[TimeControl "180+1"]
[EndTime "9:16:56 PST"]
[Termination "M1711 won by resignation"]

1. e4 e5 2. f3 Nf6 3. Ne2 d5 4. d3 c5 5. Nd2 Nc6 6. c3 Be7 7. Qc2 O-O 8. a4 Be6 9. Ng3 a6 10. Be2 d4 11. O-O b5 12. f4 exf4 13. Rxf4 Bd6 14.
Rf1 Ng4 15. Bxg4 Bxg4 16. Nf5 Bc7 17. Nf3 Bxf5 18. exf5 Qd5 19. Ng5 c4 20. dxc4 bxc4 21.
f6 d3 22. Qf2 g6 23. Qh4 h5 24.
Bf4 Bb6+ 25. Kh1 Rae8 26. Nf3 Re2 27. Rad1 Rfe8 28. Qg3 Rxb2 29. Nh4 Ree2 30. Nxg6 Rxg2 31. Ne7+ Kh7 32. Qf3 Rg1+ 0-1

[Event "Early-Titled-Tuesday-Blitz-February-06-2024"]
[Site "Chess.com"]
[Date "2024.02.06"]
[Round "7"]
[White "ViralduS"]
[Black "LornerAcosta"]
[Result "1-0"]
[WhiteElo "2721"]
[BlackElo "2498"]
[TimeControl "180+1"]
[EndTime "9:16:57 PST"]
[Termination "ViralduS won on time"]

1. c4 Nf6 2. Nf3 e6 3. g3 d5 4. Bg2 Be7 5. O-O O-O 6. b3 b6 7. Bb2 Bb7 8. cxd5 Nxd5 9. d4 Nf6 10. Nc3 c5 11. Rc1 Nc6 12. dxc5 Bxc5 13. a3 Rb8 14. b4 Be7 15. Qb3 Rc8 16. Nb5 a6 17. Rfd1 Nd5 18.
e4 axb5 19. exd5 exd5 20. Rxd5 Qe8 21. Rd2 Rd8 22. Re1 Rxd2 23. Nxd2 Qd7 24. Ne4 Rd8 25. h4 Nd4 26. Qc3 f6 27. Kh2 Ne6 28. Qe3 1-0

[Event "Early-Titled-Tuesday-Blitz-February-06-2024"]
[Site "Chess.com"]
[Date "2024.02.06"]
[Round "7"]
[White "Marcan2b"]
[Black "Gravity_Chess"]
[Result "1-0"]
[WhiteElo "3020"]
[BlackElo "2854"]
[TimeControl "180+1"]
[EndTime "9:16:58 PST"]
[Termination "Marcan2b won by resignation"]

1. e4 c5 2. Nf3 e6 3. c3 Nf6 4. e5 Nd5 5. d4 cxd4 6. cxd4 Nc6 7. Bc4 d6 8. O-O Nb6 9. Bb5 dxe5 10. dxe5 Qxd1 11. Rxd1 Bd7 12. Nc3 a6 13. Be2 Ne7 14.
Ne4 Ned5 15. b3 Rc8 16. Bb2 Rc2 17. Rd2 Rxd2 18. Nfxd2 Bb4 19. a3 Be7 20. Nc4 Nxc4 21. Bxc4 Bc6 22. Rc1 O-O 23. Nd6 Bxd6 24. exd6 Rc8 25.
f3 f6 26. Kf2 Kf7 27. a4 Bd7 28. Bd3 Rxc1 29. Bxc1 h6 30. Be4 Bc6 31. h4 Ke8 32. h5 Kd7 33. g4 Nb4 34. Bb1 Bd5 35. f4 Bxb3 36. g5 fxg5 37. fxg5 hxg5 38. Bxg5 Bc2 39.
Bxc2 Nxc2 40. Bf6 Nb4 41. Bxg7 Nd3+ 42. Ke3 1-0

[Event "Early-Titled-Tuesday-Blitz-February-06-2024"]
[Site "Chess.com"]
[Date "2024.02.06"]
[Round "7"]
[White "rezamahdavi2008"]
[Black "Timerkhanov"]
[Result "0-1"]
[WhiteElo "2843"]
[BlackElo "2658"]
[TimeControl "180+1"]
[EndTime "9:16:59 PST"]
[Termination "Timerkhanov won by checkmate"]

1. e4 c5 2. Nf3 a6 3. d4 cxd4 4. Nxd4 Nf6 5. Nc3 e5 6. Nf3 Bb4 7. Bc4 d6 8. O-O O-O 9. Bg5 Bxc3 10. bxc3 Be6 11. Bd3 Nbd7 12. Nd2 Qc7 13. f4 exf4 14. Bxf4 Ne5 15. Bg5 Nfd7 16. Kh1 Qxc3 17. Nf3 Rac8 18. Be7 Rfe8 19. Bxd6 Bg4 20. Rb1 b5 21. Rb3 Qc6 22. Bxe5 Bxf3 23. Qxf3 Nxe5 24. Qg3 Rcd8 25. h3 g6 26. Qf4 Rd7 27. Rfb1 Kg7 28. a4 bxa4 29. Rb6 Nxd3 30. cxd3 Qc3 31. Rxa6 Qxd3 32. Qf6+ Kg8 33. Rxa4 Qxb1+ 34. Kh2 Qb8+ 35. Kh1 Rd1+ 36. Qf1 Rxf1# 0-1

[Event "Early-Titled-Tuesday-Blitz-February-06-2024"]
[Site "Chess.com"]
[Date "2024.02.06"]
[Round "7"]
[White "Maitreia"]
[Black "AryanTari"]
[Result "1-0"]
[WhiteElo "2764"]
[BlackElo "2928"]
[TimeControl "180+1"]
[EndTime "9:17:00 PST"]
[Termination "Maitreia won by resignation"]

1. c4 e5 2. g3 c6 3. Nf3 e4 4. Nd4 Qb6 5. Nb3 a5 6. d3 a4 7.
N3d2 exd3 8. Bg2 Nf6 9. O-O Be7 10. Nc3 O-O 11. exd3 d5 12. Nxa4 Qd8 13. c5 Bf5 14. d4 Nbd7 15. Nc3 b6 16. b4 bxc5 17. dxc5 Ne5 18. Nf3 Bg4 19. Re1 Nfd7 20. Bf4 Bf6 21. Rc1 Ra3 22. b5 d4 23. bxc6 dxc3 24. Bxe5 Bxf3 25.
Bxf6 Qxf6 26. Qxf3 Nxc5 27. Qxf6 gxf6 28. Re3 Rxa2 29. Rexc3 Na4 30. R3c2 Rxc2 31. Rxc2 Nb6 32. c7 Nc8 33. Rd2 f5 34. Rd8 Kg7 35. Rxf8 1-0

[Event "Early-Titled-Tuesday-Blitz-February-06-2024"]
[Site "Chess.com"]
[Date "2024.02.06"]
[Round "7"]
[White "atomicmate123"]
[Black "NovakRatko"]
[Result "0-1"]
[WhiteElo "2240"]
[BlackElo "2416"]
[TimeControl "180+1"]
[EndTime "9:17:02 PST"]
[Termination "NovakRatko won by resignation"]

1. e4 d5 2. exd5 c6 3. dxc6 Nxc6 4. Nf3 e5 5. d3 Bc5 6. Nc3 f5 7. Be2 Nf6 8. O-O O-O 9. Be3 Bxe3 10. fxe3 Qb6 11.
Qc1 f4 12. Na4 Qa5 13. Nc3 Qc5 14. Ng5 fxe3 15. Nge4 Nxe4 16. Rxf8+ Qxf8 17. Nxe4 Nd4 18. Qd1 Bf5 19. Ng3 Be6 20. Bf3 Qc5 21. Ne4 Qxc2 22.
Qxc2 Nxc2 23. Rc1 Nd4 24. Ng5 Bxa2 25. Bxb7 Rb8 26. Ba6 Ne2+ 27. Kf1 Nxc1 28. Ke1 Rxb2 29. Kd1 Nxd3 30. Bxd3 Rd2+ 31. Ke1 Rxd3 32. Nf3 Rd2 0-1